 Dungeon Crawl Stone Soup version 0.22-a0-782-g038298e (webtiles) character file.

726767 sking99 the Slayer (level 27, -1/190 HPs)
             Began as a Gargoyle Earth Elementalist on July 19, 2018.
             Was the Champion of Vehumet.
             Slain by Saqiwkeb the pandemonium lord (16 damage)
             ... on level 2 of the Depths.
             The game lasted 06:23:48 (120848 turns).

sking99 the Slayer (Gargoyle Earth Elementalist)  Turns: 120848, Time: 06:23:49

Health: -1/190     AC: 35    Str: 17    XL:     27
Magic:  1/43       EV: 29    Int: 33    God:    Vehumet [******]
Gold:   4466       SH: 15    Dex:  8    Spells: 6/58 levels left

rFire    + + +     SeeInvis +   b - staff of earth
rCold    + + +     Gourm    .   W - +2 shield of Resistance {rF+ rC+ MR+}
rNeg     + + .     Faith    .   A - +2 robe {rC+ rF+}
rPois    ∞         Spirit   .   H - +2 hat {Int+3}
rElec    +         Reflect  .   k - +0 cloak of Itaen {Str+3 Int+5}
rCorr    .         Harm     .   Y - +0 pair of gloves of Heby {SInv}
MR       +++++                  C - +5 pair of boots of a bailey {rC+ rN+}
Stlth    ++........             s - amulet of Disaster {+Rage +Inv rF+ MR+}
HPRegen  1.41/turn              n - ring of wizardry
MPRegen  0.28/turn              h - ring of Phasing {EV+8}

@: flying, regenerating, hasted, studying Hexes, very quick
A: big wings, beak, camouflage 2, clumsy 1, deformed body, dopey 1, magic
resistance 1, negative energy resistance 1, sense surroundings 1, screaming 1,
electricity resistance, unbreathing, petrification resistance, rot immunity, AC
+20
0: Orb of Zot
}: 4/15 runes: serpentine, barnacled, slimy, silver
a: Stop Flying, Renounce Religion, Evoke Berserk Rage, Evoke Invisibility


You were on level 2 of the Depths.
You worshipped Vehumet.
Vehumet was exalted by your worship.
You were very hungry.

You visited 11 branches of the dungeon, and saw 55 of its levels.
You visited the Abyss 1 time.
You visited 1 bazaar.
You visited 1 ziggurat, and saw 1 of its levels.
You also visited: Labyrinth, Sewer and Ice Cave.

You collected 7899 gold pieces.
You spent 3433 gold pieces at shops.

Inventory:

Hand Weapons
 a - a +9 demon blade of slicing
 w - the +2 fustibalus of Weifuac {flame, MR++}
   (You found it on level 6 of the Lair of Beasts)

   It causes projectiles fired from it to burn those they strike, causing extra
   injury to most foes and up to half again as much damage against particularly
   susceptible opponents.
   It affects your resistance to hostile enchantments.
Armour
 k - the +0 cloak of Itaen (worn) {Str+3 Int+5}
   (You found it on level 6 of the Lair of Beasts)

   It affects your strength (+3).
   It affects your intelligence (+5).
 A - a +2 robe of resistance (worn)
 C - the +5 pair of boots of a bailey (worn) {rC+ rN+}
   (You found it on level 4 of the Vaults)

   It protects you from cold.
   It protects you from negative energy.
 H - a +2 hat of intelligence (worn)
 W - the +2 shield of Resistance (worn) {rF+ rC+ MR+}
   (You took it off a deep elf mage on level 3 of the Elven Halls)

   It protects you from fire.
   It protects you from cold.
   It affects your resistance to hostile enchantments.
 Y - the +0 pair of gloves of Heby (worn) {SInv}
   (You bought it in a shop on level 2 of the Orcish Mines)

   It lets you see invisible.
Magical Staves
 b - an uncursed staff of earth (weapon)
Jewellery
 h - the ring of Phasing (right hand) {EV+8}
   (You took it off an orc wizard on level 4 of the Dungeon)

   [ring of evasion]

   It affects your evasion (+8).
 n - a ring of wizardry (left hand)
 r - the amulet of Uriem {rF+++ rC+++ Regen+ Int-3 Dex-2}
   (You acquired it on level 5 of the Vaults)

   [amulet of regeneration]

   It affects your intelligence (-3).
   It affects your dexterity (-2).
   It renders you almost immune to fire.
   It renders you almost immune to cold.
   It increases your rate of regeneration.
 s - the amulet of Disaster (around neck) {+Rage +Inv rF+ MR+}
   (You found it on level 3 of the Depths)

   [amulet of rage]

   It protects you from fire.
   It affects your resistance to hostile enchantments.
   It lets you turn invisible.
   It lets you go berserk.
 K - the ring of Biset {Ice Int+4 Stlth+, unknown}
   (You took it off a vault warden on level 5 of the Vaults)

   [ring of ice]

   It enhances your ice magic.
   It affects your intelligence (+4).
   It makes you vulnerable to fire.
   It protects you from cold.
   It makes you more stealthy.
Wands
 g - a wand of disintegration (12)
 o - a wand of polymorph (26)
 D - a wand of clouds (2)
 M - a wand of enslavement (54)
 N - a wand of paralysis (51)
 P - a wand of digging (92)
 R - a wand of iceblast (42)
 S - a wand of acid (15)
Scrolls
 c - 6 scrolls of fear
 f - 17 scrolls of remove curse
 i - a scroll of summoning
 j - 2 scrolls of enchant armour
 l - 9 scrolls of magic mapping
 p - 2 scrolls of holy word
 v - 7 scrolls of blinking
 x - 3 scrolls of enchant weapon
 B - 4 scrolls of fog
 G - 18 scrolls of teleportation
 O - 3 scrolls of amnesia
 Q - 14 scrolls of identify
 X - a scroll of silence
Potions
 e - 5 potions of invisibility
 q - 22 potions of curing
 t - 8 potions of ambrosia
 u - 5 potions of agility
 y - 2 potions of mutation
 E - 4 potions of berserk rage
 F - 6 potions of brilliance
 I - 4 potions of might
 J - 8 potions of cancellation
 V - a potion of haste
 Z - 4 potions of resistance
Books
 m - a manual of Hexes
Miscellaneous
 L - a phial of floods
 T - 2 phantom mirrors
Comestibles
 d - 40 rations


   Skills:
 + Level 24.1 Fighting
 - Level 12.0 Staves
 - Level 8.0 Armour
 + Level 20.9 Dodging
 - Level 2.3 Stealth
 - Level 15.4 Shields
 - Level 16.0 Spellcasting
 - Level 13.0 Conjurations
 - Level 13.0 Charms
 - Level 3.0 Summonings
 - Level 0.7 Transmutations
 - Level 9.0 Ice Magic
 - Level 6.0 Air Magic
 + Level 23.7 Earth Magic
 - Level 14.0 Evocations


You had 6 spell levels left.
You knew the following spells:

 Your Spells              Type           Power        Failure   Level  Hunger
a - Iron Shot             Conj/Erth      ########..   1%          6    ##.....
b - Stone Arrow           Conj/Erth      ######       0%          3    None
c - Lee's Rapid Deconstr  Erth           ########..   0%          5    None
d - Summon Lightning Spi  Summ/Air       ######..     1%          4    None
e - Freezing Cloud        Conj/Ice/Air   ######....   1%          6    ##.....
f - Spellforged Servitor  Conj/Summ      ######....   5%          7    ####...
g - Passwall              Tmut/Erth      ########     0%          2    None
h - Sandblast             Erth           ######       0%          1    None
i - Shatter               Erth           ########..   1%          9    #######
x - Deflect Missiles      Chrm/Air       ######....   1%          6    ##.....
z - Regeneration          Chrm/Necr      ######....   1%          3    None

Your spell library contained the following spells:

 Spells                   Type           Power        Failure   Level  Hunger
 Cause Fear               Hex            ####......   6%          4    None
 Magic Dart               Conj           ####         0%          1    None
 Apportation              Tloc           ####..       1%          1    None
 Conjure Flame            Conj/Fire      ######..     1%          3    None
 Bolt of Cold             Conj/Ice       #######...   1%          6    ##.....
 Bolt of Magma            Conj/Fire/Erth ########..   1%          5    None
 Slow                     Hex            ####....     1%          2    None
 Confuse                  Hex            ####....     1%          3    None
 Throw Frost              Conj/Ice       ######       1%          2    None
 Mephitic Cloud           Conj/Pois/Air  ######..     1%          3    None
 Ring of Flames           Chrm/Fire      ######....   32%         7    ####...
 Venom Bolt               Conj/Pois      ######....   1%          5    None
 Olgreb's Toxic Radiance  Pois           ####....     1%          4    None
 Summon Small Mammal      Summ           ####         1%          1    None
 Blink                    Tloc           N/A          1%          2    None
 Iskenderun's Mystic Bla  Conj           #######.     1%          4    None
 Summon Horrible Things   Summ           #####.....   100%        8    ######.
 Animate Dead             Necr           N/A          6%          4    None
 Pain                     Necr           ####         1%          1    None
 Animate Skeleton         Necr           N/A          1%          1    None
 Vampiric Draining        Necr           ####......   1%          3    None
 Freeze                   Ice            ####         1%          1    None
 Summon Ice Beast         Ice/Summ       ######..     1%          4    None
 Ozocubu's Armour         Chrm/Ice       #######.     1%          3    None
 Call Imp                 Summ           #####...     1%          2    None
 Sting                    Conj/Pois      ####         1%          1    None
 Sublimation of Blood     Necr           ####......   1%          2    None
 Tukima's Dance           Hex            ####....     1%          3    None
 Summon Greater Demon     Summ           #####.....   80%         7    ####...
 Corpse Rot               Necr           N/A          1%          2    None
 Spider Form              Tmut/Pois      ####......   1%          3    None
 Blade Hands              Tmut           ####......   13%         5    None
 Statue Form              Tmut/Erth      ########.    1%          6    ##.....
 Ice Form                 Ice/Tmut       ######..     1%          4    None
 Dragon Form              Tmut           ####......   98%         7    ####...
 Death Channel            Necr           ####......   65%         6    ##.....
 Throw Icicle             Conj/Ice       #######.     1%          4    None
 Ignite Poison            Fire/Tmut/Pois ####....     1%          3    None
 Sticks to Snakes         Tmut           ####....     1%          2    None
 Call Canine Familiar     Summ           #####...     1%          3    None
 Ensorcelled Hibernation  Hex/Ice        ######       1%          2    None
 Silence                  Hex/Air        #####.....   4%          5    None
 Dispersal                Tloc           ####......   65%         6    ##.....
 Corona                   Hex            ####...      1%          1    None
 Alistair's Intoxication  Tmut/Pois      ####....     16%         5    None
 Conjure Ball Lightning   Conj/Air       ######....   1%          6    ##.....
 Portal Projectile        Hex/Tloc       ####..       1%          3    None
 Monstrous Menagerie      Summ           #####.....   80%         7    ####...
 Petrify                  Tmut/Erth      ########     1%          4    None
 Orb of Destruction       Conj           #######...   1%          7    ####...
 Malign Gateway           Summ/Tloc      #####.....   93%         7    ####...
 Leda's Liquefaction      Hex/Erth       ########..   1%          4    None
 Shroud of Golubria       Chrm/Tloc      ######....   1%          2    None
 Inner Flame              Hex/Fire       ####....     1%          3    None
 Beastly Appendage        Tmut           ####..       1%          1    None
 Fulminant Prism          Conj/Hex       ######....   1%          4    None
 Dazzling Spray           Conj/Hex       ######       1%          3    None
 Force Lance              Conj/Tloc      ######..     1%          4    None
 Infusion                 Chrm           ####         0%          1    None
 Song of Slaying          Chrm           #######.     0%          2    None
 Spectral Weapon          Hex/Chrm       ######..     1%          3    None
 Searing Ray              Conj           ######       0%          2    None
 Discord                  Hex            ####......   100%        8    ######.
 Summon Guardian Golem    Hex/Summ       #####...     1%          3    None
 Summon Mana Viper        Hex/Summ       #####...     9%          5    None
 Irradiate                Conj/Tmut      ######....   1%          5    None
 Gell's Gravitas          Tloc           ####......   1%          3    None
 Yara's Violent Unravell  Hex/Tmut       ####......   4%          5    None
 Poisonous Vapours        Pois/Air       #####.       1%          2    None


Dungeon Overview and Level Annotations

Branches:
Dungeon (15/15)            Temple (1/1) D:7            Lair (6/6) D:8
 Shoals (4/4) Lair:3        Snake (4/4) Lair:2        Slime (5/5) Lair:5
    Orc (2/2) D:9             Elf (3/3) Orc:2        Vaults (5/5) D:13
  Crypt (0/3) Vaults:2     Depths (5/5) D:15            Zot (5/5) Depths:5

Altars:
Ashenzari
Cheibriados
Dithmenos
Elyvilon
Fedhas
Gozag
Hepliaklqana
Kikubaaqudgha
Makhleb
Nemelex Xobeh
Okawaru
Qazlal
Ru
Sif Muna
Trog
Uskayaw
Vehumet
Wu Jian
Xom
Yredelemnul
Zin
The Shining One

Shops:
D:5 [   D:10 ?**(   D:14 *   Orc:1 (   Orc:2 %?[}*   Elf:1 =}}   Elf:2 =
Shoals:4 [   Snake:1 *   Snake:3 *   Vaults:1 *   Vaults:3 [   Vaults:4 :
Depths:5 (

Portals:
Hell: Depths:1 Depths:2 Depths:3 Depths:4 Depths:5
Abyss: Depths:1 Depths:2 Depths:4
Pandemonium: Orc:2 Depths:3

Annotations:
D:8 2 runed doors, Gildeon's ghost, novice HuFi
Orc:1 2 runed doors, exclusion: orange crystal statue
Elf:2 5 runed doors
Depths:1 1 runed door


Innate Abilities, Weirdness & Mutations

You are resistant to torment.
Your stone body is resilient. (AC +20)
You are immune to poison.
Your large and strong wings let you fly indefinitely.
You resist negative energy. (rN+)
You are resistant to electric shocks. (rElec)
You can survive without breathing.
You are immune to petrification.
You are immune to rotting.
You have a beak for a mouth.
Your skin blends seamlessly with your surroundings (Stealth++).
You are clumsy. (Dex -2)
Armour fits poorly on your strangely shaped body.
You are dopey. (Int -2)
You are resistant to hostile enchantments. (MR+)
You passively map a small area around you.
You occasionally shout uncontrollably at your foes.


Message History

Aiming: Iron Shot (safe; 1% risk of failure)
Press: ? - help, Shift-Dir - straight line, f/p - Saqiwkeb
Aim: Saqiwkeb (lightly wounded)
You feel a surge of power!
The iron shot hits Saqiwkeb.
Saqiwkeb is heavily wounded.
You block Saqiwkeb's attack.
Casting: Iron Shot (safe; 1% risk of failure)
Confirm with . or Enter, or press ? or * to list all spells.
Aiming: Iron Shot (safe; 1% risk of failure)
Press: ? - help, Shift-Dir - straight line, f/p - Saqiwkeb
Aim: Saqiwkeb (heavily wounded)
You feel a surge of power!
The iron shot misses Saqiwkeb.
Saqiwkeb hits you!!
* * * LOW HITPOINT WARNING * * *
You feel your power leaking away.
An orange demon comes into view.
You feel as though your hastened speed will last longer.
Saqiwkeb hits you but does no damage. Saqiwkeb hits you.
* * * LOW HITPOINT WARNING * * *
Saqiwkeb hits you!
You die...

#.#.#.#..≈§≈≈§§≈§≈≈§§## #...#
.....##.≈≈≈§≈§§§≈§≈≈§§# ###.#
.#.#.#..≈≈≈≈≈≈≈§≈≈≈≈≈## #.#
....##.≈§≈≈≈≈§≈≈≈≈≈≈.#######.#
#.#.#.§§≈≈≈≈≈≈≈≈≈≈≈≈.......#.#
...##.≈≈§≈≈≈≈≈≈≈...........#.#
.#.#..≈≈≈≈≈§≈≈≈§...........#.#
#.##.≈§≈≈≈≈≈≈≈≈............#.#
#.#!.≈§≈§§§≈§§..@........∩.#.#
#.#.....§.§....&...#########.#
.#...####§§..§.4...#########.#
.#(#.#.......................#
...#.#.##..........###########
####.#.##..........#
#.#.##..........#
#.#.##..........#
#.#.##..........#


You could see Saqiwkeb and an orange demon.

Vanquished Creatures
  the Royal Jelly (Slime:5)
  A pandemonium lord (Zot:1)
  6 orbs of fire
  3 ancient liches (Zot:5)
  A juggernaut (Depths:5)
  5 curse toes
  7 Killer Klowns
  11 golden dragons
  A profane servitor (Depths:4)
  2 bone dragons (Depths:5)
  A Brimstone Fiend (Zot:4)
  An Ice Fiend (Zot:4)
  6 liches
  5 electric golems
  24 tentacled monstrosities
  Asterion (Elf:2)
  10 quicksilver dragons
  27 Orb Guardians
  2 deep elf blademasters
  11 titans
  2 sphinxes (Vaults:5)
  2 deep elf master archers
  A tentacled starspawn (Abyss:3)
  An acid blob (shapeshifter) (Vaults:5)
  22 acid blobs
  2 krakens
  12 death cobs
  Gastronok (D:8)
  11 shadow dragons
  Donald (Snake:2)
  11 draconian monks
  Agnes (Snake:2)
  7 nagarajas
  9 tengu reavers
  19 storm dragons
  7 draconian knights
  17 frost giants
  13 fire giants
  9 deep elf sorcerers
  17 azure jellies
  6 ghost moths
  4 iron dragons
  A balrug (Depths:3)
  19 vault wardens
  9 draconian shifters
  10 draconian scorchers
  7 deep elf elementalists
  8 draconian stormcallers
  14 draconian annihilators
  A spriggan defender (Depths:2)
  An entropy weaver (Vaults:4)
  16 stone giants
  A war gargoyle (Depths:4)
  15 very ugly things
  17 green draconians
  22 ironheart preservers
  10 deep elf demonologists
  20 black draconians
  Azrael (Snake:2)
  A spark wasp (shapeshifter) (Vaults:4)
  2 lorocyprocas
  15 purple draconians
  6 spark wasps
  13 red draconians
  12 deep elf annihilators
  11 yellow draconians
  14 white draconians
  A dire elephant (Lair:2)
  A minotaur (Lab)
  23 ettins
  2 green deaths
  2 crystal guardians
  8 deep elf death magi
  4 merfolk javelineers (Shoals:4)
  14 death oozes
  An ettin (shapeshifter) (Depths:3)
  12 fire dragons
  Josephine (D:14)
  9 merfolk impalers
  3 deep elf high priests
  7 great orbs of eyes
  12 yaktaur captains
  2 spriggan air magi (Depths:4)
  2 rakshasas
  14 naga warriors
  33 vault guards
  A merfolk avatar (Shoals:1)
  6 hydras
  An ice dragon (shapeshifter) (D:15)
  13 ice dragons
  14 ogre magi
  6 anacondas
  11 centaur warriors
  A catoblepas (D:15)
  A two-headed ogre (shapeshifter) (Vaults:5)
  2 satyrs (shapeshifter)
  50 two-headed ogres
  An alligator snapping turtle (Shoals:4)
  7 deep troll shamans
  7 satyrs
  5 death knights
  A death yak (Lair:1)
  9 tengu warriors
  5 orc high priests (Orc:2)
  7 shock serpents
  18 dancing weapons
  14 naga sharpshooters
  2 vampire magi
  3 large abominations (Abyss:3)
  A storm dragon zombie (Vaults:4)
  5 deep troll earth magi
  23 deep elf knights
  2 sun demons (Depths:3)
  3 hell knights
  2 shadow wraiths (Vaults:3)
  A wretched star (Abyss:3)
  A soul eater (Orc:2)
  A storm dragon skeleton (Vaults:4)
  2 salamander mystics
  2 fire crabs
  A sixfirhy (Depths:3)
  10 iron trolls
  A fire crab (shapeshifter) (Elf:2)
  An unseen horror (shapeshifter) (Elf:1)
  8 skeletal warriors
  An unseen horror (D:13)
  6 glowing orange brains
  2 gelid demonspawn (Orc:2)
  A shadow demon (Depths:4)
  12 sea snakes
  30 deep trolls
  4 wizards
  3 flayed ghosts
  An orange crystal statue (Zot:5)
  4 naga ritualists
  2 swamp dragons (Zot:3)
  Pikel (D:9)
  12 harpies
  8 phantasmal warriors
  6 mana vipers
  9 orc knights
  4 ironbrand convokers
  8 orc sorcerers
  34 ugly things
  22 deep elf archers
  2 shining eyes (shapeshifter)
  2 necromancers
  3 shining eyes
  80 deep elf magi
  An oklob plant (Shoals:4)
  8 manticores
  3 wolf spiders (Vaults:4)
  10 cyclopes
  15 fauns
  13 salamanders
  37 moths of wrath
  A faun (shapeshifter) (Depths:4)
  3 guardian serpents
  A moth of wrath (shapeshifter) (Depths:4)
  A worldbinder (Abyss:3)
  Maurice (D:12)
  4 eyes of devastation
  10 merfolk sirens
  18 elephants
  A fire giant skeleton (Depths:2)
  25 naga magi
  2 ice statues (IceCv)
  31 black mambas
  12 vault sentinels
  A water nymph (shapeshifter) (Depths:4)
  4 water nymphs
  16 spiny frogs
  9 apocalypse crabs (Zot:3)
  2 molten gargoyles (Lair:6)
  2 smoke demons (Orc:2)
  5 spectral swamp worms
  A spiny frog (shapeshifter) (Elf:1)
  3 orange demons
  3 rime drakes
  A spriggan skeleton (Depths:2)
  10 freezing wraiths
  9 komodo dragons
  An elf (Vaults:3)
  48 yaktaurs
  2 ice devils
  2 efreet
  3 hornets
  3 wind drakes
  6 tengu conjurers
  A wolf spider simulacrum (Vaults:1)
  A polar bear (shapeshifter) (Depths:2)
  A polar bear (Lair:3)
  A harpy skeleton (D:13)
  A wind drake (shapeshifter) (Vaults:1)
  20 merfolk
  5 trolls
  A blink frog (shapeshifter) (Depths:4)
  19 dream sheep
  93 slime creatures
  6 blink frogs
  13 hippogriffs
  A stone giant simulacrum (Vaults:1)
  13 snapping turtles
  2 air elementals
  A redback (shapeshifter) (Vaults:5)
  2 spriggans
  A shadow (D:14)
  8 wraiths
  A vampire (D:12)
  35 yaks
  A ynoxinul (Zot:1)
  7 fire elementals
  An orc simulacrum (Vaults:1)
  16 water elementals
  Eustachio (D:6)
  4 wyverns
  A human (shapeshifter) (Vaults:3)
  A redback (Vaults:4)
  5 basilisks
  A tengu zombie (Depths:2)
  A golden eye (Slime:5)
  4 small abominations (Abyss:3)
  A redback simulacrum (D:14)
  2 hungry ghosts
  A human simulacrum (Vaults:3)
  6 vampire mosquitoes
  A chaos spawn (Abyss:3)
  4 wargs
  An acid dragon (D:12)
  A swamp worm (shapeshifter) (Vaults:4)
  A soldier ant (shapeshifter) (Vaults:4)
  A soldier ant (D:14)
  40 nagas
  A floating eye (Slime:5)
  8 water moccasins
  A water moccasin (shapeshifter) (Vaults:1)
  8 porcupines
  4 hell hounds
  Duvessa (D:5)
  A floating eye (shapeshifter) (D:14)
  48 orc warriors
  Purgy (Sewer)
  3 black bears
  7 sky beasts
  An elf zombie (Vaults:4)
  3 eyes of draining
  3 phantoms
  27 ice beasts
  An elf skeleton (Vaults:4)
  9 boggarts
  4 wolves (Lair:2)
  44 ogres
  An ogre (shapeshifter) (Depths:4)
  31 centaurs
  8 crocodiles
  4 big kobolds
  19 bullfrogs
  4 earth elementals
  A bullfrog (shapeshifter) (Vaults:3)
  A wyvern zombie (D:15)
  Dowan (D:5)
  2 wyvern skeletons
  4 scorpions
  4 killer bees (D:8)
  5 howler monkeys
  6 wights
  5 lava snakes (Lair:6)
  An electric eel (Lair:2)
  10 crimson imps
  A centaur zombie (D:7)
  A jelly (D:5)
  8 centaur skeletons
  4 hounds
  3 bullfrog skeletons
  28 orc priests
  An iron imp (Abyss:3)
  Jessica (D:3)
  2 iguanas
  29 orc wizards
  9 worker ants
  A hound zombie (D:9)
  A howler monkey zombie (D:7)
  A worker ant zombie (D:5)
  Robin (D:4)
  8 gnolls
  15 adders
  A howler monkey skeleton (D:6)
  5 shadow imps
  An ufetubus (Depths:4)
  An adder zombie (D:5)
  2 oozes
  An adder skeleton (D:5)
  5 dart slugs
  4 leopard geckos
  114 orcs
  7 giant cockroaches
  31 goblins
  15 hobgoblins
  25 jackals
  8 quokkas
  2 ball pythons
  13 bats
  A frilled lizard (shapeshifter) (Depths:5)
  5 frilled lizards
  A giant cockroach zombie (D:6)
  A jackal skeleton (D:6)
  27 kobolds
  A leopard gecko skeleton (D:5)
  9 rats
  9 plants
  A starspawn tentacle (Abyss:3)
  2 tentacles
2548 creatures vanquished.

Vanquished Creatures (collateral kills)
  Frances (D:14)
  A nagaraja (Snake:4)
  Aizul (Snake:4)
  A draconian annihilator (Zot:3)
  2 skeletal warriors (D:14)
  2 ugly things (Vaults:1)
  A harpy (Shoals:1)
  A mana viper (Snake:4)
  3 deep elf magi
  A manticore (D:14)
  3 naga magi (Snake:4)
  A slime creature (Vaults:1)
  3 nagas
  An iguana (D:12)
  A shadow imp (D:15)
23 creatures vanquished.

Vanquished Creatures (others)
  A deep elf master archer (Elf:3)
  A tengu reaver (Depths:4)
  A draconian knight (Zot:3)
  A ghost moth (Zot:5)
  5 stone giants
  A merfolk javelineer (Depths:3)
  3 yaktaur captains
  An ice dragon (Zot:3)
  2 centaur warriors
  A deep troll shaman (Depths:5)
  A deep elf knight (Elf:3)
  A deep troll (Depths:5)
  5 deep elf archers
  An orc knight (Vaults:4)
  A deep elf mage (Elf:1)
  An apocalypse crab (Zot:3)
  12 yaktaurs
  2 centaurs (Vaults:2)
  A crimson imp (D:9)
  A centaur skeleton (D:9)
  A hound zombie (D:9)
  An adder (D:11)
  2 orcs (D:9)
  48 fungi
  31 plants
  3 starspawn tentacles (Abyss:3)
  33 tentacles
162 creatures vanquished.

Grand Total: 2733 creatures vanquished

Notes
Turn   | Place    | Note
-------+----------+-------------------------------------------
     0 | D:1      | sking99 the Gargoyle Earth Elementalist began the quest for the Orb.
     0 | D:1      | Reached XP level 1. HP: 10/10 MP: 3/3
   251 | D:1      | Reached XP level 2. HP: 8/15 MP: 1/5
  1041 | D:1      | Reached XP level 3. HP: 16/19 MP: 6/6
  1246 | D:1      | Learned a level 3 spell: Stone Arrow
  1999 | D:2      | Reached XP level 4. HP: 24/24 MP: 5/7
  2397 | D:2      | Reached skill level 1 in Shields
  2496 | D:3      | Reached skill level 5 in Earth Magic
  2574 | D:3      | Reached skill level 1 in Conjurations
  2716 | D:3      | Noticed Jessica
  2719 | D:3      | Killed Jessica
  2719 | D:3      | Reached XP level 5. HP: 28/28 MP: 6/9
  3754 | D:4      | Reached XP level 6. HP: 32/32 MP: 10/10
  3928 | D:4      | Found a burning altar of Makhleb.
  4465 | D:4      | Noticed Robin
  4475 | D:4      | Killed Robin
  4911 | D:4      | Reached XP level 7. HP: 36/36 MP: 12/12
  4980 | D:4      | Learned a level 5 spell: Lee's Rapid Deconstruction
  5195 | D:5      | Entered Level 5 of the Dungeon
  5322 | D:5      | Found Bakh's Armour Shoppe.
  5459 | D:5      | Reached XP level 8. HP: 42/42 MP: 6/14
  5461 | D:5      | Reached skill level 1 in Fighting
  5591 | D:5      | Noticed Dowan
  5670 | D:5      | Noticed Duvessa
  5714 | D:5      | Killed Duvessa
  5714 | D:5      | Reached skill level 2 in Fighting
  5739 | D:5      | Killed Dowan
  5942 | D:5      | Reached skill level 3 in Fighting
  6221 | D:5      | Reached skill level 5 in Spellcasting
  6480 | D:5      | Reached skill level 4 in Fighting
  6629 | D:5      | Found a basalt altar of Yredelemnul.
  6881 | D:6      | Reached XP level 9. HP: 52/52 MP: 17/17
  6967 | D:6      | Reached skill level 5 in Fighting
  7011 | D:6      | Found a glowing drain.
  7029 | Sewer    | Entered a sewer
  7078 | Sewer    | Noticed Purgy
  7084 | Sewer    | Killed Purgy
  7084 | Sewer    | Reached skill level 6 in Fighting
  7184 | D:6      | Noticed Eustachio
  7194 | D:6      | Killed Eustachio
  7888 | D:5      | Got a polished leather armour
  7930 | D:7      | Reached skill level 7 in Fighting
  8377 | D:7      | Identified the +2 leather armour of the Learner {rPois Stlth+} (You found it on level 5 of the Dungeon)
  8484 | D:7      | Found a staircase to the Ecumenical Temple.
  8505 | D:7      | Reached skill level 8 in Fighting
  8537 | Temple   | Entered the Ecumenical Temple
  8828 | Temple   | Became a worshipper of Vehumet
  9267 | D:7      | Learned a level 2 spell: Passwall
  9280 | D:8      | Reached XP level 10. HP: 65/65 MP: 8/19
  9385 | D:8      | Reached skill level 10 in Earth Magic
  9427 | D:8      | Reached skill level 9 in Fighting
  9454 | D:8      | Noticed Gastronok
  9521 | D:8      | Reached * piety under Vehumet
  9521 | D:8      | Offered knowledge of Shock by Vehumet.
  9982 | D:8      | Found a runed door.
  9983 | D:8      | Noticed Gildeon's ghost (novice HuFi)
 10110 | D:8      | Got a pitted lapis lazuli ring
 10329 | D:8      | Found a staircase to the Lair.
 10704 | D:8      | Found a runed door.
 10983 | D:8      | Killed Gastronok
 10983 | D:8      | Reached skill level 11 in Fighting
 11342 | D:8      | Learned a level 1 spell: Shock
 11624 | D:9      | Reached skill level 12 in Fighting
 11678 | D:9      | Offered knowledge of Throw Frost by Vehumet.
 11678 | D:9      | Reached ** piety under Vehumet
 11775 | D:9      | Found a staircase to the Orcish Mines.
 11952 | D:9      | Noticed a two-headed ogre
 11956 | D:9      | Noticed a two-headed ogre
 11977 | D:9      | Killed a two-headed ogre
 11977 | D:9      | Reached XP level 11. HP: 45/76 MP: 11/20
 11984 | D:9      | Killed a two-headed ogre
 11984 | D:9      | Reached skill level 13 in Fighting
 12252 | D:9      | Noticed Pikel
 12266 | D:9      | Killed Pikel
 13055 | D:10     | Entered Level 10 of the Dungeon
 13055 | D:10     | Found Rakhuil's Magic Scroll Shop.
 13055 | D:10     | Found Pemeselo's General Store.
 13544 | D:10     | Reached skill level 14 in Fighting
 13592 | D:10     | Offered knowledge of Dazzling Spray by Vehumet.
 13636 | D:10     | Found Qigin's Antique Weapon Shop.
 14254 | D:10     | Found Nizuav's Assorted Antiques.
 14264 | D:10     | Bought a scroll of identify for 82 gold pieces
 14264 | D:10     | Identified the ring "Layt Luonku" {rF++ rN+ Int+3 Dex-5 Slay+3} (You found it on level 8 of the Dungeon)
 14288 | D:11     | Noticed a cyclops
 14400 | Lair:1   | Entered Level 1 of the Lair of Beasts
 14823 | Lair:1   | Reached *** piety under Vehumet
 14867 | Lair:1   | Found a blossoming altar of Fedhas.
 15218 | Lair:1   | Noticed a death yak
 15275 | Lair:1   | Killed a death yak
 15275 | Lair:1   | Reached skill level 15 in Fighting
 15634 | Lair:2   | Reached XP level 12. HP: 83/88 MP: 2/21
 15860 | Lair:2   | Reached skill level 16 in Fighting
 15929 | Lair:2   | Offered knowledge of Force Lance by Vehumet.
 16061 | Lair:2   | Noticed a dire elephant
 16485 | Lair:2   | Found a staircase to the Snake Pit.
 16534 | Lair:2   | Killed a dire elephant
 16975 | Lair:2   | Reached skill level 5 in Dodging
 17738 | Lair:2   | Reached XP level 13. HP: 77/95 MP: 7/22
 18201 | Lair:3   | Found a staircase to the Shoals.
 18388 | Lair:3   | Reached **** piety under Vehumet
 18956 | Lair:3   | Found a shimmering altar of Xom.
 19817 | Lair:4   | Offered knowledge of Inner Flame by Vehumet.
 20903 | Lair:5   | Reached skill level 10 in Dodging
 21552 | Lair:5   | Got an ebony falchion
 21731 | Lair:5   | Identified the +7 falchion of Disarray {venom, rElec Str+3 Int+4} (You found it on level 5 of the Lair of Beasts)
 21759 | Lair:5   | Found a staircase to the Slime Pits.
 21973 | Lair:6   | Entered Level 6 of the Lair of Beasts
 22518 | Lair:6   | Gained mutation: Your large and strong wings let you fly indefinitely. [Gargoyle growth]
 22518 | Lair:6   | Reached XP level 14. HP: 100/100 MP: 15/23
 22976 | Lair:6   | Reached ***** piety under Vehumet
 23090 | Lair:6   | Found a large runed door.
 23090 | Lair:6   | Found a large runed door.
 23728 | Lair:6   | Offered knowledge of Bolt of Cold by Vehumet.
 23838 | Lair:6   | Got a slimy cloak
 23931 | Lair:6   | Identified the +0 cloak of Itaen {Str+3 Int+5} (You found it on level 6 of the Lair of Beasts)
 23936 | Lair:6   | Got a slimy fustibalus
 23937 | Lair:6   | Identified the +2 fustibalus of Weifuac {flame, MR++} (You found it on level 6 of the Lair of Beasts)
 25003 | D:12     | Noticed Maurice
 25183 | D:12     | Found a labyrinth entrance.
 25196 | Lab      | Entered a labyrinth
 25507 | Lab      | Got a brightly glowing granite ring
 25511 | Lab      | Identified the Papyrus of Toxic Darkness
 25513 | Lab      | Identified the ring "Fotyeguh" {rC+ Int+4} (You took it off a minotaur in a labyrinth)
 25941 | D:12     | Killed Maurice
 26485 | D:12     | Learned a level 4 spell: Summon Lightning Spire
 27138 | D:13     | Reached skill level 1 in Summonings
 27139 | D:13     | Reached skill level 1 in Air Magic
 27140 | D:13     | Reached skill level 1 in Armour
 27712 | D:13     | Found a gate to the Vaults.
 27824 | D:13     | Offered knowledge of Freezing Cloud by Vehumet.
 27832 | D:13     | Learned a level 6 spell: Freezing Cloud
 28212 | D:13     | Reached XP level 15. HP: 105/105 MP: 19/28
 28250 | D:12     | Reached skill level 1 in Ice Magic
 29109 | D:14     | Reached skill level 10 in Spellcasting
 29171 | D:14     | Found a frozen archway.
 29246 | IceCv    | Entered an ice cave
 29797 | IceCv    | Reached skill level 5 in Conjurations
 30228 | D:14     | Identified the Almanac of Torrid Augmentations
 30674 | D:14     | Noticed Frances
 30682 | D:14     | Killed Frances
 30682 | D:14     | Offered knowledge of Iron Shot by Vehumet.
 30690 | D:14     | Learned a level 6 spell: Iron Shot
 31074 | D:14     | Found Riemas's Assorted Antiques.
 31089 | D:14     | Reached skill level 5 in Ice Magic
 31103 | D:14     | Noticed Josephine
 31120 | D:14     | Killed Josephine
 31120 | D:14     | Reached skill level 5 in Armour
 31370 | D:15     | Entered Level 15 of the Dungeon
 31571 | D:15     | Paralysed by an orc sorcerer for 7 turns
 32255 | D:15     | Found a staircase to the Depths.
 32654 | D:15     | Reached XP level 16. HP: 106/111 MP: 5/31
 33127 | Orc:1    | Entered Level 1 of the Orcish Mines
 33910 | Orc:1    | Found a runed door.
 33920 | Orc:1    | You are sucked into a shaft!
 33920 | Orc:2    | Entered Level 2 of the Orcish Mines
 33920 | Orc:2    | Found a staircase to the Elven Halls.
 33929 | Orc:2    | Reached skill level 1 in Evocations
 34451 | Orc:2    | Offered knowledge of Orb of Destruction by Vehumet.
 34453 | Orc:2    | Found Jukhi's Magic Scroll Emporium.
 34878 | Orc:2    | Found Jisak's Food Shoppe.
 35099 | Orc:2    | Bought a scroll of summoning for 95 gold pieces
 35775 | Orc:2    | Found Noyh's Assorted Antiques.
 36951 | Orc:2    | Found Edihepeifo's Gadget Shop.
 36951 | Orc:2    | Found a one-way gate leading to the halls of Pandemonium.
 36951 | Orc:2    | Found Veiqus's Antique Armour Boutique.
 36955 | Orc:2    | Bought a pair of ichor-stained gloves for 247 gold pieces
 36965 | Orc:2    | Identified the cursed +0 pair of gloves of Heby {SInv} (You bought it in a shop on level 2 of the Orcish Mines)
 37065 | Orc:1    | Found the +10 large shield of Ignorance {rN+ Int-4}
 37080 | Orc:1    | Found Qoakic's Antique Weapon Shoppe.
 37217 | Orc:1    | Found a runed door.
 37608 | Snake:1  | Entered Level 1 of the Snake Pit
 38030 | Snake:1  | Found Jyikieri's Assorted Antiques.
 40522 | Snake:2  | Reached skill level 5 in Evocations
 40920 | Snake:2  | Reached XP level 17. HP: 93/116 MP: 8/33
 41171 | Snake:2  | Offered knowledge of Spellforged Servitor by Vehumet.
 41622 | Snake:2  | Noticed Agnes
 41630 | Snake:2  | Killed Agnes
 41909 | Snake:2  | Noticed Azrael
 41911 | Snake:2  | Noticed Donald
 41914 | Snake:2  | Killed Azrael
 41934 | Snake:2  | Killed Donald
 42668 | Snake:3  | Found Guoxedil's General Store.
 42836 | Snake:3  | Bought a scroll of identify for 30 gold pieces
 42867 | Snake:3  | Reached skill level 10 in Conjurations
 44221 | Snake:4  | Entered Level 4 of the Snake Pit
 44592 | Snake:4  | Noticed Aizul
 44626 | Snake:4  | Killed Aizul
 47399 | Snake:4  | Reached XP level 18. HP: 109/122 MP: 15/35
 48376 | Snake:4  | Got a serpentine rune of Zot
 48745 | Shoals:1 | Entered Level 1 of the Shoals
 52478 | Shoals:3 | Learned a level 7 spell: Spellforged Servitor
 54330 | Shoals:4 | Entered Level 4 of the Shoals
 54424 | Shoals:4 | Offered knowledge of Bolt of Fire by Vehumet.
 54434 | Shoals:4 | Reached skill level 5 in Shields
 55335 | Shoals:4 | Found Kaeturr's Antique Armour Emporium.
 55533 | Shoals:4 | Bought a distressingly furry leather armour for 231 gold pieces
 55533 | Shoals:4 | Identified the +3 leather armour of the Depths {rN+ MR+ Str+4 Dex-4} (You bought it in a shop on level 4 of the Shoals)
 56077 | Shoals:4 | Reached XP level 19. HP: 127/127 MP: 19/36
 56194 | Shoals:4 | Found an iron altar of Okawaru.
 56953 | Shoals:4 | Got a barnacled rune of Zot
 58460 | D:14     | Bought a thin smoking staff for 312 gold pieces
 58521 | Vaults:1 | Entered Level 1 of the Vaults
 59806 | Vaults:1 | Found Plog's General Store.
 60788 | Vaults:1 | Reached ****** piety under Vehumet
 60810 | Vaults:1 | Offered knowledge of Ozocubu's Refrigeration by Vehumet.
 61575 | Vaults:1 | Reached skill level 10 in Shields
 61813 | Vaults:1 | Found a stormy altar of Qazlal.
 62187 | Vaults:1 | Identified the cursed +0 war axe of Fewnouhy {drain, Dex+3 SInv} (You took it off an orc warrior on level 1 of the Vaults)
 62566 | Vaults:2 | You are sucked into a shaft!
 63279 | Vaults:3 | Reached XP level 20. HP: 24/132 MP: 15/38
 63279 | Vaults:3 | HP: 1/132 [yaktaur captain/bolt (23)]
 64506 | Vaults:3 | Learned a level 3 spell: Regeneration
 64514 | Vaults:3 | Learned a level 6 spell: Deflect Missiles
 64612 | Vaults:3 | Offered knowledge of Fire Storm by Vehumet.
 64612 | Vaults:3 | Offered knowledge of Shatter by Vehumet.
 64612 | Vaults:3 | Offered knowledge of Ignition by Vehumet.
 64637 | Vaults:3 | Reached skill level 1 in Charms
 65065 | Vaults:3 | Found Umaeng's Armour Boutique.
 66503 | Vaults:2 | Found a staircase to the Crypt.
 67238 | Vaults:2 | Reached skill level 5 in Air Magic
 67585 | Vaults:3 | Reached skill level 5 in Charms
 68748 | Vaults:4 | Reached XP level 21. HP: 102/137 MP: 23/39
 69084 | Vaults:4 | Found Acimimul's Book Shoppe.
 70611 | Vaults:4 | Got a pair of steaming boots
 70612 | Vaults:4 | Identified the +5 pair of boots of a bailey {rC+ rN+} (You found it on level 4 of the Vaults)
 71203 | Vaults:4 | Reached skill level 15 in Shields
 72256 | Elf:1    | Entered Level 1 of the Elven Halls
 74089 | Elf:1    | Reached XP level 22. HP: 143/143 MP: 18/40
 74701 | Elf:1    | Found a gateway to a bazaar.
 74764 | Bazaar   | Entered a bazaar
 74766 | Bazaar   | Found Qukhy's Antique Weapon Shop.
 74802 | Bazaar   | Found Ytucicirch's Assorted Antiques.
 74808 | Bazaar   | Found Ykhlimyth's Magic Scroll Emporium.
 74816 | Bazaar   | Bought a scroll of acquirement for 676 gold pieces
 74851 | Bazaar   | Found Fip Wez's Armour Emporium.
 74886 | Bazaar   | Bought a potion of magic for 160 gold pieces
 74886 | Bazaar   | Bought a scroll of fear for 70 gold pieces
 74886 | Bazaar   | Bought a potion of heal wounds for 100 gold pieces
 74892 | Bazaar   | Bought a scroll of teleportation for 39 gold pieces
 74892 | Bazaar   | Bought a scroll of teleportation for 39 gold pieces
 75009 | Elf:1    | Found Guas's Jewellery Boutique.
 75010 | Elf:1    | Found Boruemm's Gadget Shoppe.
 75010 | Elf:1    | Found Weqory's Gadget Shoppe.
 75354 | Elf:2    | Reached skill level 10 in Charms
 75532 | Elf:2    | Found Houvosch's Jewellery Shoppe.
 75953 | Elf:2    | Found a huge runed gate.
 75953 | Elf:2    | Found a huge runed gate.
 75953 | Elf:2    | Found a huge runed gate.
 75953 | Elf:2    | Found a huge runed gate.
 75953 | Elf:2    | Found a huge runed gate.
 76188 | Elf:3    | Entered Level 3 of the Elven Halls
 76465 | Elf:3    | Found a radiant altar of Vehumet.
 77573 | Elf:3    | Reached skill level 17 in Fighting
 77715 | Elf:3    | Cast into level 3 of the Abyss (a deep elf sorcerer)
 77925 | Elf:3    | Escaped the Abyss
 78139 | Elf:3    | Got a crude bone ring
 78168 | Elf:3    | Noticed Asterion
 78880 | Elf:2    | Gained mutation: You have a beak for a mouth. [a cacodemon]
 78885 | Elf:2    | Killed Asterion
 78885 | Elf:2    | Reached skill level 15 in Spellcasting
 79533 | Elf:3    | Identified the ring of Afuis {Fire rElec Int+7 Stlth+} (You took it off a deep elf mage on level 3 of the Elven Halls)
 79582 | Elf:3    | Identified the Tome of the Excruciating Glacier
 79699 | Elf:3    | Identified the Reference Book on Creative Transformation
 79701 | Elf:3    | Identified the Grimoire of the Supportive Traveller
 79707 | Elf:3    | Identified the +9 hunting sling of Sulphur {venom, rF- Str+5 Dex+5} (You found it on level 3 of the Elven Halls)
 79714 | Elf:3    | Identified the +3 dagger of Joyful Slaughter {speed, rElec SInv} (You took it off a deep elf demonologist on level 3 of the Elven Halls)
 80174 | Depths:1 | Entered Level 1 of the Depths
 80201 | D:15     | Reached XP level 23. HP: 135/151 MP: 5/42
 81129 | Depths:1 | Reached skill level 18 in Fighting
 81842 | Depths:1 | Found a gateway to Hell.
 82004 | Depths:1 | Found a one-way gate to the infinite horrors of the Abyss.
 82088 | Depths:1 | Found a runed door.
 83512 | Depths:2 | Noticed a golden dragon
 83515 | Depths:2 | Killed a golden dragon
 85379 | Depths:3 | Found a gateway to a ziggurat.
 85921 | Depths:3 | Reached XP level 24. HP: 147/157 MP: 15/43
 85982 | Depths:3 | Reached skill level 15 in Earth Magic
 86936 | Depths:3 | Gained mutation: You are frail. (-10% HP) [a shining eye]
 86961 | Depths:3 | Lost mutation: You are frail. (-10% HP) [potion of mutation]
 86961 | Depths:3 | Gained mutation: Your spells are a little easier to cast, but a little less powerful. [potion of mutation]
 86961 | Depths:3 | Gained mutation: You are resistant to hostile enchantments. (MR+) [potion of mutation]
 86961 | Depths:3 | Lost mutation: You are resistant to hostile enchantments. (MR+) [potion of mutation]
 86961 | Depths:3 | Gained mutation: You have a pair of small horns on your head. [potion of mutation]
 87038 | Depths:3 | Lost mutation: You have a pair of small horns on your head. [potion of mutation]
 87038 | Depths:3 | Lost mutation: Your spells are a little easier to cast, but a little less powerful. [potion of mutation]
 87038 | Depths:3 | Gained mutation: Your magical capacity is low. (-10% MP) [potion of mutation]
 87038 | Depths:3 | Gained mutation: Scrolls take you a little longer to read. [potion of mutation]
 87038 | Depths:3 | Gained mutation: Your magical capacity is very low. (-20% MP) [potion of mutation]
 87038 | Depths:3 | Gained mutation: You are partially covered in rugged brown scales. (AC +1, +3% HP) [potion of mutation]
 87039 | Depths:3 | Lost mutation: Your magical capacity is very low. (-20% MP) [potion of mutation]
 87039 | Depths:3 | Lost mutation: Your magical capacity is low. (-10% MP) [potion of mutation]
 87039 | Depths:3 | Gained mutation: You passively map a small area around you. [potion of mutation]
 87039 | Depths:3 | Gained mutation: Your muscles are strong. (Str +2) [potion of mutation]
 87039 | Depths:3 | Gained mutation: Your flesh is cold resistant. (rC+) [potion of mutation]
 87040 | Depths:3 | Lost mutation: You are partially covered in rugged brown scales. (AC +1, +3% HP) [potion of mutation]
 87040 | Depths:3 | Lost mutation: Your muscles are strong. (Str +2) [potion of mutation]
 87040 | Depths:3 | Gained mutation: Your skin changes colour to match your surroundings (Stealth+). [potion of mutation]
 87040 | Depths:3 | Gained mutation: You passively map the area around you. [potion of mutation]
 87041 | Depths:3 | Lost mutation: You passively map the area around you. [potion of mutation]
 87041 | Depths:3 | Lost mutation: Your flesh is cold resistant. (rC+) [potion of mutation]
 87041 | Depths:3 | Lost mutation: Scrolls take you a little longer to read. [potion of mutation]
 87041 | Depths:3 | Gained mutation: You are frail. (-10% HP) [potion of mutation]
 87041 | Depths:3 | Gained mutation: Your magical capacity is low. (-10% MP) [potion of mutation]
 87041 | Depths:3 | Gained mutation: Your spells are a little harder to cast, but a little more powerful. [potion of mutation]
 87042 | Depths:3 | Lost mutation: Your spells are a little harder to cast, but a little more powerful. [potion of mutation]
 87042 | Depths:3 | Lost mutation: You are frail. (-10% HP) [potion of mutation]
 87042 | Depths:3 | Gained mutation: Your skin blends seamlessly with your surroundings (Stealth++). [potion of mutation]
 87042 | Depths:3 | Gained mutation: You are resistant to hostile enchantments. (MR+) [potion of mutation]
 87042 | Depths:3 | Gained mutation: Your mind is acute. (Int +2) [potion of mutation]
 87043 | Depths:3 | Lost mutation: Your mind is acute. (Int +2) [potion of mutation]
 87043 | Depths:3 | Lost mutation: Your magical capacity is low. (-10% MP) [potion of mutation]
 87043 | Depths:3 | Gained mutation: Armour fits poorly on your strangely shaped body. [potion of mutation]
 87043 | Depths:3 | Gained mutation: Your flesh is heat resistant. (rF+) [potion of mutation]
 87187 | Depths:3 | Got a steaming ruby amulet
 87188 | Depths:3 | Identified the amulet of Disaster {+Rage +Inv rF+ MR+} (You found it on level 3 of the Depths)
 88085 | Depths:4 | Reached skill level 15 in Dodging
 89362 | Depths:5 | Entered Level 5 of the Depths
 89362 | Depths:5 | Noticed a juggernaut
 89367 | Depths:5 | Killed a juggernaut
 90343 | Depths:5 | Reached XP level 25. HP: 163/163 MP: 18/43
 90347 | Depths:5 | Found Qeotes's Antique Weapon Boutique.
 90491 | Depths:4 | Learned a level 9 spell: Shatter
 91618 | Depths:5 | Reached skill level 10 in Evocations
 91966 | Depths:5 | Found a gate to the Realm of Zot.
 92586 | Slime:1  | Entered Level 1 of the Pits of Slime
 93352 | Slime:5  | Entered Level 5 of the Pits of Slime
 93386 | Slime:5  | Noticed the Royal Jelly
 95891 | Slime:5  | Killed the Royal Jelly
 96533 | Slime:5  | Got a slimy rune of Zot
 96567 | Slime:5  | Identified the Grimoire of Orientation and Conjuration
 96585 | Slime:5  | Identified the +7 dagger "Sovvoazotz" {pain, *Slow rF+ MR++ Stlth-} (You found it on level 5 of the Pits of Slime)
 96605 | Slime:5  | Identified the cursed +1 glaive of the Hero {chop, +Blink rElec} (You found it on level 5 of the Pits of Slime)
 96982 | D:14     | Bought a scroll of acquirement for 1352 gold pieces
 97157 | Zot:1    | Entered Level 1 of the Realm of Zot
 97415 | Zot:1    | Reached skill level 1 in Staves
 98645 | Zot:1    | Noticed an orb of fire
 98656 | Zot:1    | Killed an orb of fire
 98656 | Zot:1    | Reached XP level 26. HP: 157/168 MP: 23/43
 99808 | Zot:1    | Reached skill level 5 in Staves
103419 | Zot:2    | Reached skill level 19 in Fighting
103471 | Zot:2    | Noticed an orb of fire
103476 | Zot:2    | Killed an orb of fire
103900 | Zot:3    | Reached XP level 27. HP: 176/176 MP: 40/43
104445 | Zot:3    | Reached skill level 10 in Staves
105539 | Zot:3    | Got a bound pewter amulet
105561 | Zot:3    | Reached skill level 20 in Fighting
106173 | Zot:3    | Paralysed by you for 5 turns
107152 | Zot:3    | Identified the amulet of Pyviotysh {Faith Int+4} (You took it off a white draconian on level 3 of the Realm of Zot)
107848 | Zot:3    | Paralysed by you for 4 turns
107965 | Zot:4    | Reached skill level 21 in Fighting
107968 | Zot:4    | Noticed an orb of fire
107970 | Zot:4    | Gained mutation: Your magical capacity is low. (-10% MP) [an orb of fire]
108319 | Zot:4    | Killed an orb of fire
111767 | Zot:5    | Entered Level 5 of the Realm of Zot
112459 | Zot:5    | Noticed an ancient lich
112469 | Zot:5    | Reached skill level 22 in Fighting
112472 | Zot:5    | Killed an ancient lich
112709 | Zot:5    | Noticed an ancient lich
112714 | Zot:5    | Killed an ancient lich
112885 | Zot:5    | Noticed an ancient lich
112897 | Zot:5    | Killed an ancient lich
113354 | Zot:5    | Noticed an orb of fire
113360 | Zot:5    | Gained mutation: You are weak. (Str -2) [an orb of fire]
113362 | Zot:5    | Killed an orb of fire
113377 | Zot:5    | Lost mutation: You are weak. (Str -2) [potion of mutation]
113377 | Zot:5    | Lost mutation: Your magical capacity is low. (-10% MP) [potion of mutation]
113377 | Zot:5    | Lost mutation: Your flesh is heat resistant. (rF+) [potion of mutation]
113377 | Zot:5    | Gained mutation: You occasionally shout uncontrollably at your foes. [potion of mutation]
113377 | Zot:5    | Gained mutation: You evolve. [potion of mutation]
113827 | Zot:5    | Noticed an orb of fire
113831 | Zot:5    | Killed an orb of fire
113997 | Zot:5    | Noticed an orb of fire
114007 | Zot:5    | Killed an orb of fire
114456 | Zot:5    | Lost mutation: You evolve. [evolution]
117184 | Vaults:5 | Entered Level 5 of the Vaults
117185 | Vaults:5 | Reached skill level 23 in Fighting
118317 | Vaults:5 | Got a glittering silver ring
118408 | Vaults:5 | Identified the amulet of Uriem {rF+++ rC+++ Regen+ Int-3 Dex-2} (You acquired it on level 5 of the Vaults)
118450 | Vaults:5 | Identified the ring of the Cuttlefish {rN+ MR+ Str+5} (You took it off a vault warden on level 5 of the Vaults)
119311 | Vaults:5 | Identified The Grimoire of Greatest Risks and Utility
119505 | Vaults:5 | Got a shimmering marble ring
119575 | Vaults:5 | Got a silver rune of Zot
120371 | Zot:5    | Got the Orb of Zot
120523 | Zot:1    | Noticed Ceigu the pandemonium lord
120530 | Zot:1    | Killed Ceigu the pandemonium lord
120595 | Depths:4 | Reached skill level 24 in Fighting
120644 | Depths:4 | Noticed Otot Jol the pandemonium lord
120752 | Depths:3 | Noticed Teym the pandemonium lord
120753 | Zig:1    | Entered Level 1 of a ziggurat
120782 | Zig:1    | Noticed Saqiwkeb the pandemonium lord
120805 | Depths:3 | Gained mutation: You are dopey. (Int -2) [a neqoxec]
120810 | Depths:3 | Noticed Kymasio the pandemonium lord
120816 | Depths:3 | Gained mutation: You are clumsy. (Dex -2) [a neqoxec]
120817 | Depths:3 | Noticed Utukk the pandemonium lord
120848 | Depths:2 | Slain by Saqiwkeb the pandemonium lord

Vault maps used:
D:1:      scummos_arrival_simple_crosswalls, serial_bayou_lake_a
D:3:      kennysheep_generic_room_8, uniq_jessica
D:4:      corexii_shantytown, makhleb_grotto_becter, first_ration, uniq_robin
D:5:      serial_shops, shop, yredelemnul_altar_generic, uniq_duvessa
D:6:      kb_forest_paths, portal_sewer_entry_f, minmay_misc_feat_room,
          uniq_eustachio
D:7:      minmay_temple_entry_enclosed_plants
D:8:      lair_entry_dummy, ebering_ghost_reflecting_pool, uniq_gastronok
D:9:      erik_orc_3, uniq_pikel
D:10:     serial_shops, kennysheep_little_box, nicolae_shop_stone, shop, shop
D:12:     lab_entry_generic, uniq_maurice
D:13:     hangedman_vaults_entry_quadrant_bands
D:14:     serial_shops, nicolae_shop_behind_doors,
          portal_ice_cave_entry_ice_beasts, blue_anna_alchemist, uniq_josephine,
          uniq_frances
D:15:     hangedman_depths_entry_civil_slaughter, grunt_decor_cap,
          minmay_misc_feat_square
Temple:   regret_index_temple_sigil_plot
Lair:1:   basic_altar, grunt_forest_large_clearing_hut
Lair:2:   mu_elephants_graveyard, minmay_snake_entry_guardpost_medium,
          serial_bayou_shore_a
Lair:3:   minmay_shoals_entry_centaurs, lemuel_centaur_altar
Lair:5:   dpeg_slime_entry_corner
Lair:6:   cheibrodos_lair_end_hotspot
Shoals:1: nicolae_shoals_kraken_intersection
Shoals:3: centaur_isle
Shoals:4: shoals_end_simple, serial_shops, shop, lemuel_oklob_altar
Snake:1:  serial_shops, shop, grunt_ministairs_10, grunt_megastairs_3
Snake:2:  uniq_donald, uniq_azrael, uniq_agnes
Snake:3:  serial_shops, nicolae_shop_trees
Snake:4:  snake_pit, hangedman_snake_wide_pillar_pass, uniq_aizul
Slime:2:  nicolae_slime_barrier
Orc:1:    serial_shops, nicolae_shop_stone, chequers_guarded_unrand_ignorance
Orc:2:    pf_orc_diabolical, serial_shops,
          nicolae_shop_temple_entry_statues_fountains, nicolae_orc_lava_room
Elf:1:    eino_elf_arrival_shootout, serial_shops, bzr_entry_customers,
          minivault_28, minmay_shop_grove
Elf:2:    serial_shops, shop
Elf:3:    minmay_elf_hall_spiked, basic_altar, uniq_asterion
Vaults:1: nicolae_vaults_windows_and_doors_thing, dpeg_vaults_monster_box,
          grunt_vaults_funnel, vaults_dpeg_encased_lava,
          nicolae_vaults_border_crossing, basic_altar, serial_shops, shop
Vaults:2: blue_anna_dwarven_crypt, nicolae_vaults_shelves_hall,
          hangedman_vaults_snaps, nicolae_vaults_shelves_hall,
          hangedman_vaults_restitches, nicolae_vaults_little_squares_2,
          ontoclasm_vaults_spin, v_misc_4, nicolae_vaults_little_squares_3,
          vaults_dpeg_diagonal, vaults_room_pool,
          ontoclasm_vaults_decontamination, nicolae_vaults_little_squares_1,
          nicolae_vaults_little_squares_4
Vaults:3: ontoclasm_vaults_tryst, vaults_standard_mumra_x,
          hangedman_vaults_variations, grunt_vaults_twisty,
          nicolae_vaults_little_squares_3, vaults_room_door_hall,
          nicolae_vaults_network_s, hangedman_vaults_stitches,
          nicolae_vaults_ring_of_whatevers, nicolae_vaults_holding_cells,
          serial_shops, shop
Vaults:4: serial_ice_b, nicolae_vaults_rhombus_5, v_rooms_5,
          nicolae_vaults_little_squares_2, v_pattern_1, st_hourglassy,
          vaults_mumra_chevron, v_alt_pattern_3, ontoclasm_vaults_chip,
          vaults_room_corners, vaults_dpeg_doors, vaults_room_door_hall,
          nicolae_vaults_yaktaur_gun_rack, serial_shops, shop_statue
Depths:1: abyss_entry_small_statue_room, pf_hell_entry_tar_river, serial_sigils,
          serial_sigils_hangedman_gut, serial_sigils_hangedman_scar,
          serial_sigils_hangedman_carve, serial_sigils_hangedman_quiver,
          serial_sigils_hangedman_quiver, serial_sigils_hangedman_shear,
          hangedman_decor_slide_cut, hangedman_decor_clover_reticule,
          minmay_misc_feat_diagonals, minmay_hidden_floor
Depths:2: minmay_the_grid_four_pointed_star, hangedman_coc_ice_floe,
          abyss_entry, kennysheep_nub
Depths:3: kennysheep_cluttered_fort, enter_ziggurat_e, pan_entry,
          lightli_too_deep, infiniplex_staircase_pool_2
Depths:4: hangedman_crystal_crosses_colossus, abyss_entry, hell_entry
Depths:5: evilmike_zot_entry_diamond, serial_shops,
          nicolae_shop_overgrown_old_shop, corexii_leaking_fountain, hell_entry
Zot:2:    grunt_deathspiral_small
Zot:3:    gammafunk_mikee_crab_dinner, st_small_dragon_hoard_1,
          hangedman_snake_sidewinding
Zot:4:    lemuel_halls_of_wrath
Lab:      labyrinth_spiral, nicolae_lab_flowing_pool, lab_statue, lab_block,
          nicolae_lab_garden, labyrinth_skeletal_remains, nicolae_lab_stuck,
          labyrinth_glass_1
Bazaar:   bazaar_kb_twisted_cavern
Sewer:    sewer_big_baddie
IceCv:    ice_cave_small_dragons

Skill      XL: |  1  2  3  4  5  6  7  8  9 10 11 12 13 14 15 16 17 18 19 20 21 22 23 24 25 26 27 |
---------------+----------------------------------------------------------------------------------+-----
Earth Magic    | 4 5 6 7 8 9 10 12 13 14 17 19 20 23 | 23.7
Shields        | 1 2 3 4 6 11 13 15 | 15.4
Conjurations   | 1 2 3 4 7 8 10 11 12 13 | 13.0
Spellcasting   | 3 4 5 6 9 11 12 13 14 15 16 | 16.0
Fighting       | 4 8 12 15 16 17 18 19 24 | 24.1
Dodging        | 7 11 12 14 15 16 17 20 | 20.9
Summonings     | 2 3 |  3.0
Air Magic      | 2 4 5 6 |  6.0
Armour         | 2 6 8 |  8.0
Ice Magic      | 5 6 7 8 9 |  9.0
Evocations     | 5 8 9 12 14 | 14.0
Charms         | 5 9 10 12 13 | 13.0
Staves         | 3 9 12 | 12.0
Stealth        | |  2.3
Transmutations | |  0.7

Action                   |  1- 3 |  4- 6 |  7- 9 | 10-12 | 13-15 | 16-18 | 19-21 | 22-24 | 25-27 || total
-------------------------+-------+-------+-------+-------+-------+-------+-------+-------+-------++-------
Melee: Unarmed           |     9 |       |       |       |       |       |       |       |       ||     9
       Dagger            |   117 |   252 |   473 |   198 |    81 |       |       |       |       ||  1121
       Whip              |       |    28 |       |       |       |       |       |       |       ||    28
       Falchion          |       |       |       |       |   177 |    67 |       |       |       ||   244
       Demon blade       |       |       |       |       |       |   118 |    90 |    61 |       ||   269
       Fustibalus        |       |       |       |       |       |     5 |       |       |       ||     5
       Staff             |       |       |       |       |       |       |       |    87 |   624 ||   711
       Peck              |       |       |       |       |       |       |       |    17 |   119 ||   136
 Cast: Sandblast         |    37 |    46 |    45 |   148 |    71 |       |       |       |       ||   347
       Stone Arrow       |       |    23 |    27 |    71 |   270 |   332 |    60 |    16 |     2 ||   801
       Lee's Rapid Decon |       |       |     7 |    63 |   178 |   243 |   359 |   449 |   148 ||  1447
       Shock             |       |       |       |    93 |       |       |       |       |       ||    93
       Summon Lightning  |       |       |       |       |     5 |    21 |     3 |     2 |       ||    31
       Iron Shot         |       |       |       |       |    25 |   276 |   231 |   219 |   854 ||  1605
       Freezing Cloud    |       |       |       |       |       |    20 |    55 |    20 |    22 ||   117
       Regeneration      |       |       |       |       |       |       |     5 |     4 |     7 ||    16
       Deflect Missiles  |       |       |       |       |       |       |       |     2 |    10 ||    12
       Shatter           |       |       |       |       |       |       |       |       |    84 ||    84
 Abil: Fly               |       |       |       |       |     1 |     2 |     1 |       |     2 ||     6
       Stop Flying       |       |       |       |       |       |     2 |     1 |       |     2 ||     5
       Evoke Invisibilit |       |       |       |       |       |       |       |     7 |     7 ||    14
Evoke: Wand              |       |       |       |       |       |     9 |    15 |     1 |    17 ||    42
       Box of beasts     |       |       |       |       |       |       |     2 |       |       ||     2
       Phial of floods   |       |       |       |       |       |       |     1 |       |     2 ||     3
       Phantom mirror    |       |       |       |       |       |       |       |       |     1 ||     1
  Use: Scroll            |       |     9 |     6 |     1 |    16 |    11 |    20 |     8 |    21 ||    92
       Potion            |       |       |       |       |     2 |     2 |     5 |     9 |    20 ||    38
 Stab: Sleeping          |     2 |     2 |     7 |       |       |       |       |       |       ||    11
       Paralysed         |       |       |       |       |       |     8 |       |       |       ||     8
       Invisible         |       |       |       |       |       |       |       |       |     2 ||     2
       Distracted        |       |       |       |       |       |       |       |       |     1 ||     1
  Eat: Chunk             |     4 |    12 |    18 |    31 |    49 |    53 |    57 |    31 |    38 ||   293
       Ration            |       |       |       |     3 |     5 |    17 |     4 |     7 |    28 ||    64
Armor: Robe              |    40 |    72 |   108 |   118 |   201 |   227 |   161 |       |   418 ||  1345
       Ice dragon scales |       |       |       |       |       |       |    28 |   188 |     2 ||   218
Dodge: Dodged            |   104 |   169 |   361 |   339 |   619 |   545 |   470 |   243 |   781 ||  3631
       Deflected         |       |       |       |       |       |       |       |     6 |    64 ||    70
Block: Buckler           |     4 |    44 |   107 |    75 |   138 |   234 |   134 |       |       ||   736
       Reflection        |       |       |       |       |     5 |    45 |    92 |    68 |       ||   210
       Shield            |       |       |       |       |       |       |   198 |   356 |   717 ||  1271
       Rpst.: Falchion   |       |       |       |       |   100 |    16 |       |       |       ||   116
       Demon blade       |       |       |       |       |       |    73 |    46 |     3 |       ||   122

Table legend:
 A = Spawn XP
 B = Non-spawn XP
 C = Spawn XP percentage of total XP
 D = Spawn monster count
 E = Non-spawn monster count
 F = Spawn count percentage of total count
 G = Total turns spent on level
                    A         B        C        D         E        F      G
               +---------+---------+-------+---------+---------+-------+---------
         Total |    3586 | 1900230 |   0.2 |      10 |    2540 |   0.4 | 120848
               +---------+---------+-------+---------+---------+-------+---------
           D:1 |       0 |      67 |   0.0 |       0 |      35 |   0.0 |  1944
           D:2 |       0 |      30 |   0.0 |       0 |      17 |   0.0 |   527
           D:3 |       0 |     221 |   0.0 |       0 |      30 |   0.0 |  1269
           D:4 |       0 |     385 |   0.0 |       0 |      67 |   0.0 |  1455
           D:5 |       0 |    1542 |   0.0 |       0 |      44 |   0.0 |  1553
           D:6 |       0 |     920 |   0.0 |       0 |      21 |   0.0 |  1048
           D:7 |       0 |    1248 |   0.0 |       0 |      36 |   0.0 |  1036
           D:8 |       0 |    3467 |   0.0 |       0 |      35 |   0.0 |  2544
           D:9 |       0 |    4668 |   0.0 |       0 |      41 |   0.0 |  1838
          D:10 |       0 |    1375 |   0.0 |       0 |      21 |   0.0 |  1514
          D:11 |       0 |    4942 |   0.0 |       0 |      30 |   0.0 |  1297
          D:12 |       0 |    8104 |   0.0 |       0 |      36 |   0.0 |  1740
          D:13 |       0 |   12698 |   0.0 |       0 |      41 |   0.0 |  2346
          D:14 |       0 |   22474 |   0.0 |       0 |      59 |   0.0 |  1820
          D:15 |       0 |   15107 |   0.0 |       0 |      25 |   0.0 |  2016
        Lair:1 |       0 |    3720 |   0.0 |       0 |      12 |   0.0 |  1581
        Lair:2 |       0 |   16218 |   0.0 |       0 |      50 |   0.0 |  2828
        Lair:3 |       0 |    4393 |   0.0 |       0 |      23 |   0.0 |  1488
        Lair:4 |       0 |    4423 |   0.0 |       0 |      18 |   0.0 |  1195
        Lair:5 |       0 |    7526 |   0.0 |       0 |      26 |   0.0 |  1761
        Lair:6 |       0 |   13870 |   0.0 |       0 |      41 |   0.0 |  1871
      Shoals:1 |       0 |   11079 |   0.0 |       0 |      22 |   0.0 |  2266
      Shoals:2 |       0 |   10577 |   0.0 |       0 |      27 |   0.0 |  1443
      Shoals:3 |       0 |   16877 |   0.0 |       0 |      34 |   0.0 |  2207
      Shoals:4 |       0 |   36670 |   0.0 |       0 |      63 |   0.0 |  3162
       Snake:1 |       0 |   21069 |   0.0 |       0 |      44 |   0.0 |  2710
       Snake:2 |       0 |   25978 |   0.0 |       0 |      41 |   0.0 |  2207
       Snake:3 |       0 |   10146 |   0.0 |       0 |      20 |   0.0 |  2346
       Snake:4 |       0 |   41327 |   0.0 |       0 |      68 |   0.0 |  3630
       Slime:1 |       0 |    4045 |   0.0 |       0 |       8 |   0.0 |   114
       Slime:2 |       0 |     524 |   0.0 |       0 |       2 |   0.0 |    29
       Slime:3 |       0 |   27958 |   0.0 |       0 |      51 |   0.0 |  1529
       Slime:4 |       0 |   19098 |   0.0 |       0 |      33 |   0.0 |  1652
       Slime:5 |       0 |   39040 |   0.0 |       0 |      23 |   0.0 |   743
         Orc:1 |       0 |    2375 |   0.0 |       0 |      33 |   0.0 |  1453
         Orc:2 |       0 |   19795 |   0.0 |       0 |      89 |   0.0 |  3259
         Elf:1 |       0 |   48042 |   0.0 |       0 |      83 |   0.0 |  2949
         Elf:2 |       0 |   13909 |   0.0 |       0 |      19 |   0.0 |  1503
         Elf:3 |       0 |   73529 |   0.0 |       0 |      71 |   0.0 |  2946
      Vaults:1 |       0 |   44112 |   0.0 |       0 |      74 |   0.0 |  3432
      Vaults:2 |       0 |   42694 |   0.0 |       0 |      66 |   0.0 |  2363
      Vaults:3 |       0 |   71443 |   0.0 |       0 |      97 |   0.0 |  4254
      Vaults:4 |       0 |   79209 |   0.0 |       0 |      99 |   0.0 |  4229
      Vaults:5 |       0 |  137188 |   0.0 |       0 |      93 |   0.0 |  1765
      Depths:1 |       0 |   49606 |   0.0 |       0 |      64 |   0.0 |  2339
      Depths:2 |       0 |   52200 |   0.0 |       0 |      54 |   0.0 |  3390
      Depths:3 |       0 |   42385 |   0.0 |       0 |      51 |   0.0 |  1905
      Depths:4 |       0 |   75334 |   0.0 |       0 |      57 |   0.0 |  3263
      Depths:5 |       0 |   54051 |   0.0 |       0 |      43 |   0.0 |  1034
         Zot:1 |       0 |   62873 |   0.0 |       0 |      36 |   0.0 |  3060
         Zot:2 |       0 |  123736 |   0.0 |       0 |      62 |   0.0 |  4129
         Zot:3 |       0 |  179162 |   0.0 |       0 |     122 |   0.0 |  5286
         Zot:4 |       0 |  149310 |   0.0 |       0 |      97 |   0.0 |  2565
         Zot:5 |       0 |  176160 |   0.0 |       0 |      54 |   0.0 |  4981
       Abyss:3 |    3586 |    2782 |  56.3 |      10 |       3 |  76.9 |   210
         Zig:1 |       0 |    1723 |   0.0 |       0 |       2 |   0.0 |    34
           Lab |       0 |    1192 |   0.0 |       0 |       1 |   0.0 |   319
         Sewer |       0 |     140 |   0.0 |       0 |       6 |   0.0 |   128
         IceCv |       0 |    5494 |   0.0 |       0 |      20 |   0.0 |   885
               +---------+---------+-------+---------+---------+-------+---------
